 Dungeon Crawl Stone Soup version 0.30-a0-576-g89cddaab80 (webtiles) character file.

Game seed: 17414317753402817286

242 arthad the Magician (level 5, -3/28 HPs)
             Began as a Deep Elf Earth Elementalist on Dec 31, 2022.
             Slain by a quokka (5 damage)
             ... on level 4 of the Dungeon.
             The game lasted 00:05:58 (3269 turns).

arthad the Magician (Deep Elf Earth Elementalist)   Turns: 3269, Time: 00:05:59

Health: -3/28      AC: -1    Str:  5    XL:     5   Next: 81%
Magic:  10/13      EV: 13    Int: 22    God:
Gold:   237        SH:  0    Dex: 15    Spells: 3/13 levels left

rFire   . . .      SeeInvis .    e - +2 dagger (protect)
rCold   + . .      Faith    .    (no shield)
rNeg    . . .      Spirit   .    a - +0 robe
rPois   .          Reflect  .    k - +1 hat
rElec   .          Harm     .    (no cloak)
rCorr   .          Rampage  .    (no gloves)
Will    .....                    (no boots)
Stlth   +++                      (no amulet)
HPRegen 0.24/turn                h - ring of protection from cold
MPRegen 0.13/turn                (no ring)

@: corroded
A: no striking features
a: no special abilities


You were on level 4 of the Dungeon.
You visited 1 branch of the dungeon, and saw 4 of its levels.

You collected 237 gold pieces.

Inventory:

Hand Weapons
 e - a +2 dagger of protection (weapon)
Armour
 a - a +0 robe (worn)
 k - a +1 hat (worn)
 o - a +0 helmet
 t - a +1 leather armour of cold resistance
Jewellery
 h - a ring of protection from cold (left hand)
Scrolls
 c - 4 scrolls of identify {unknown}
 d - 3 scrolls of fear {unknown}
 f - 2 scrolls of noise {unknown}
 l - a scroll of poison {unknown}
 m - a scroll of teleportation {unknown}
 r - a scroll of enchant armour {unknown}
Potions
 b - a potion of magic
 g - a potion of curing {unknown}
 i - a potion of mutation {unknown}
 j - 2 potions of might {unknown}
 n - a potion of lignification {unknown}
 p - 2 potions of brilliance {unknown}
 q - a potion of haste {unknown}
 s - 2 potions of flight {unknown}


   Skills:
 + Level 3.3 Dodging
 * Level 4.2 Stealth
 * Level 4.5 Spellcasting
 * Level 0.6 Conjurations
 * Level 3.0 Transmutations
 * Level 4.4 Earth Magic


You had 3 spell levels left.
You knew the following spells:

 Your Spells              Type           Power      Damage    Failure   Level
a - Sandblast             Erth           48%        2d12      1%          1
b - Passwall              Tmut/Erth      17%        N/A       3%          2
c - Stone Arrow           Conj/Erth      32%        3d9       11%         3
d - Petrify               Tmut/Erth      21%        N/A       22%         4

Your spell library contained the following spells:

 Spells                   Type           Power      Damage    Failure   Level
 Portal Projectile        Hex/Tloc       10%        N/A       32%         3
 Tukima's Dance           Hex            5%         N/A       32%         3
 Blade Hands              Tmut           9%         N/A       63%         5


Dungeon Overview and Level Annotations

Branches:
Dungeon (4/15)
 Temple: D:4-7

Altars:
Zin

Shops:
D:1 (


Message History

You open the door.
An adder comes into view.
There is an open door here.
The blast of sand hits the adder.
The adder is heavily wounded.
The adder hisses angrily.
The blast of sand hits the adder!
You kill the adder!
A ball python comes into view.
The ball python hisses angrily.
The blast of sand misses the ball python.
The blast of sand hits the ball python!
You kill the ball python!
A kobold and a dart slug come into view.
Found 8 stones.
Found a blue potion.
A jelly comes into view.
The blast of sand hits the dart slug.
The dart slug is heavily wounded.
The kobold shouts!
The jelly quivers.
You hear a shout!
A quokka comes into view.
The dart slug launches a dart at you. The slug dart hits you.
The blast of sand hits the dart slug.
The dart slug is heavily wounded.
The blast of sand hits the kobold!
You kill the kobold!
The dart slug launches a dart at you. The slug dart misses you.
The blast of sand hits the dart slug!
You kill the dart slug!
A hobgoblin comes into view.
The jelly hits you.
You are splashed with acid!
The quokka bites you. The jelly hits you. The acid corrodes you!
You are splashed with acid!
* * * LOW HITPOINT WARNING * * *
The quokka bites you.
You die...

#.....# #.#
##.....# #.#####
#.# #.....# #<.#
#.# #.....# ####
#.# #.....# #.#
#.....# #.#
#.....# #.# #.#
#@# #r####
#.J..# #....#
#....#
§..!...)..#
.......†.....
................
##(...g.........


You could see a jelly and a quokka.

Vanquished Creatures
  A necrophage (D:4)
  An orc priest (D:3)
  A hound (D:4)
  Robin (D:2)
  3 adders
  A worm (D:3)
  3 dart slugs
  5 orcs (D:3)
  5 bats
  2 endoplasms
  A giant cockroach (D:2)
  13 goblins
  10 hobgoblins
  3 jackals (D:4)
  2 quokkas
  6 ball pythons
  A frilled lizard (D:3)
  7 kobolds
  5 rats
71 creatures vanquished.

Vanquished Creatures (others)
  18 plants (D:3)
18 creatures vanquished.

Grand Total: 89 creatures vanquished

Notes
Turn   | Place    | Note
-------+----------+-------------------------------------------
     0 | D:1      | arthad the Deep Elf Earth Elementalist began the quest for
                  | the Orb.
     0 | D:1      | Reached XP level 1. HP: 10/10 MP: 6/6
     2 | D:1      | Noticed an octopode
     4 | D:1      | Noticed a merfolk
     4 | D:1      | Noticed a minotaur
     6 | D:1      | Noticed an ogre
     6 | D:1      | Noticed a troll
     8 | D:1      | Noticed an elf
     8 | D:1      | Noticed an armataur
    10 | D:1      | Noticed a vine stalker
    10 | D:1      | Noticed a draconian
    12 | D:1      | Noticed a spriggan
    14 | D:1      | Noticed a tengu
    14 | D:1      | Noticed a demonspawn
    16 | D:1      | Noticed a meteoran
    16 | D:1      | Noticed a vampire
    18 | D:1      | Noticed a formicid
    18 | D:1      | Noticed a felid
    20 | D:1      | Noticed a ghoul
    20 | D:1      | Noticed a human
    22 | D:1      | Noticed a demigod
    22 | D:1      | Noticed a naga
    24 | D:1      | Noticed a human
    26 | D:1      | Noticed an armataur
    89 | D:1      | Found a faded altar of an unknown god.
   184 | D:1      | Reached XP level 2. HP: 15/15 MP: 4/8
   286 | D:1      | Learned a level 2 spell: Passwall
   911 | D:1      | Found Qoes's Antique Weapon Boutique.
  1317 | D:2      | Noticed Robin
  1326 | D:2      | Killed Robin
  1327 | D:2      | Reached XP level 3. HP: 18/19 MP: 2/10
  2372 | D:3      | Reached XP level 4. HP: 24/24 MP: 9/11
  2386 | D:3      | Learned a level 3 spell: Stone Arrow
  3029 | D:4      | Noticed a necrophage
  3031 | D:4      | Killed a necrophage
  3032 | D:4      | Reached XP level 5. HP: 28/28 MP: 10/13
  3037 | D:4      | Learned a level 4 spell: Petrify
  3105 | D:4      | Found a glowing silver altar of Zin.
  3105 | D:4      | Noticed an angel
  3269 | D:4      | Slain by a quokka

Illustrated notes

Levels and vault maps discovered:
D:1:      kb_arrival_jail, layout_basic, nicolae_ecumenical_snake_handling,
          serial_shops, shop_fountains, minmay_curled_crystal
D:2:      layout_basic, minmay_tetromino_s2, uniq_robin
D:3:      layout_basic, serial_bayou, serial_bayou_pond_e,
          serial_bayou_crossing, serial_bayou_lagoon_a, serial_bayou_pond_c,
          st_stairs_2, kennysheep_pointless_box, amethyst_killhole
D:4:      layout_basic, mainiacjoe_overflow_small_starburst, zin_angel,
          minmay_temple_entry_mist

Skill      XL: |  1  2  3  4  5 |
---------------+----------------+-----
Stealth        | 3 4 |  4.2
Transmutations | 2 3 |  3.0
Dodging        | 3 |  3.3
Spellcasting   | 4 |  4.5
Earth Magic    | 4 |  4.4
Conjurations   | |  0.6

Action                   |  1- 3 |  4- 6 || total
-------------------------+-------+-------++-------
Melee: Dagger            |    18 |       ||    18
 Cast: Sandblast         |    51 |    44 ||    95
Armor: Robe              |     4 |       ||     4
Dodge: Dodged            |    18 |     8 ||    26

Table legend: (Time is in decaauts)
 A = Elapsed time spent in this place.
 B = Non-inter-level travel time spent in this place.
 C = Inter-level travel time spent in this place.
 D = Time resting spent in this place.
 E = Time spent auto-exploring this place.
 F = Levels seen in this place.
 G = Mean time per level.
                   A        B        C        D        E       F      G
               +--------+--------+--------+--------+--------+-----+--------+
         Total |   3342 |   3230 |    112 |     55 |   2757 |   4 |  835.5 |
       Dungeon |   3342 |   3230 |    112 |     55 |   2757 |   4 |  835.5 |
               +--------+--------+--------+--------+--------+-----+--------+

Top non-repeatable levels by time:
     D:2: 1127 daAuts
     D:1: 1034 daAuts
     D:3: 930 daAuts
     D:4: 249 daAuts
